 Seeded DCSS version 0.26.1-12-g5ba1501909 (webtiles) character file.

Game seed: 12899211509202430853 (custom seed)

5448 oldmanjim the Spear-Bearer (level 10, -8/91 HPs)
             Began as a Naga Venom Mage on Oct 4, 2021.
             Was an Initiate of Gozag.
             Mangled by a yak (13 damage)
             ... on level 8 of the Dungeon on Nov 23, 2021.
             The game lasted 01:29:54 (11584 turns).

oldmanjim the Spear-Bearer (Naga Venom Mage)       Turns: 11584, Time: 01:29:55

Health: -8/91      AC: 10    Str: 10    XL:     10   Next: 68%
Magic:  24/26      EV:  8    Int: 19    God:    Gozag
Gold:   995        SH:  0    Dex: 12    Spells: 6/19 levels left

rFire    . . .     SeeInvis +   a - +9 staff of Olgreb {rPois∞}
rCold    . . .     Faith    .   (no shield)
rNeg     . . .     Spirit   .   e - +0 robe
rPois    ∞         Reflect  .   (no helmet)
rElec    .         Harm     .   (no cloak)
rCorr    .         Rampage  .   K - +0 pair of gloves of Responsibility {Will+ Regen+}
Will     ++...                  I - +1 barding
Stlth    +++.......             A - amulet of magic regeneration
HPRegen  0.65/turn              q - ring of magical power
MPRegen  0.45/turn              p - ring of wizardry

@: very slow
A: large, see invisible, deformed body, poison resistance, slowness 2, spit
poison 1, AC +3
a: Spit Poison, Renounce Religion, Potion Petition, Call Merchant, Bribe Branch


You were on level 8 of the Dungeon.
You worshipped Gozag.
Gozag was pleased with you.
You visited 2 branches of the dungeon, and saw 10 of its levels.
You also visited: Sewer.

You collected 1106 gold pieces.
You paid 111 gold pieces to Gozag.

Inventory:

Hand Weapons
 a - the +9 staff of Olgreb (weapon) {rPois∞}
   (You found it on level 4 of the Dungeon)

   It grants immunity to poison.
 b - the +8 trident of the Octopus King {venom, rElec rPois Will+}
   (You found it on level 5 of the Dungeon)

   It poisons the flesh of those it strikes.
   It insulates you from electricity.
   It protects you from poison.
   It affects your willpower, your defense against some magical effects.
 y - a +3 dagger of protection
Missiles
 c - 4 curare-tipped darts
 r - 4 poisoned darts
 w - 2 boomerangs
 M - 2 silver boomerangs
Armour
 e - a +0 robe (worn)
 f - a +0 kite shield
 I - a +1 barding (worn)
 K - the +0 pair of gloves of Responsibility (worn) {Will+ Regen+}
   (You found it on level 8 of the Dungeon)

   It affects your willpower, your defense against some magical effects.
   It increases your rate of regeneration.
Jewellery
 p - a ring of wizardry (right hand)
 q - a ring of magical power (left hand)
 A - an amulet of magic regeneration (around neck)
 F - an uncursed ring of stealth
 H - an uncursed ring of ice
 J - an uncursed ring of stealth
Wands
 d - a wand of disintegration (16)
 k - a wand of flame (23)
 B - a wand of polymorph (12)
 C - a wand of paralysis (13)
 D - a wand of digging (3)
 L - a wand of enslavement (8)
Scrolls
 i - a scroll of enchant weapon
 j - a scroll of magic mapping
 l - 7 scrolls of remove curse
 s - 4 scrolls of teleportation
 z - a scroll of immolation
 G - a scroll of blinking {unknown}
 N - a scroll of enchant armour {unknown}
Potions
 g - 5 potions of flight
 h - a potion of brilliance {unknown}
 n - a potion of lignification
 o - 4 potions of curing
 t - a potion of might
 u - a potion of resistance
 x - a potion of magic
 E - 2 potions of haste


   Skills:
 - Level 6.0 Fighting
 + Level 8.0(8.2) Polearms
 - Level 3.0(5.9) Staves
 - Level 1.5 Dodging
 - Level 5.0 Stealth
 - Level 5.0 Spellcasting
 - Level 6.2 Summonings
 - Level 1.1 Transmutations
 - Level 3.0 Air Magic
 - Level 7.0 Poison Magic
 - Level 5.0 Evocations


You had 6 spell levels left.
You knew the following spells:

 Your Spells              Type           Power        Failure   Level
a - Sting                 Tmut/Pois      100%         1%          1
b - Poisonous Vapours     Pois/Air       70%          1%          2
c - Olgreb's Toxic Radia  Pois           47%          2%          4
d - Call Imp              Summ           28%          1%          2
e - Summon Lightning Spi  Summ/Air       22%          8%          4

Your spell library contained the following spells:

 Spells                   Type           Power        Failure   Level
 Summon Small Mammal      Summ           100%         1%          1
 Call Canine Familiar     Summ           28%          1%          3
 Animate Skeleton         Necr           8%           4%          1
 Apportation              Tloc           8%           4%          1
 Corona                   Hex            4%           4%          1
 Ignite Poison            Fire/Tmut/Pois 22%          4%          3
 Mephitic Cloud           Conj/Pois/Air  26%          4%          3
 Summon Guardian Golem    Hex/Summ       16%          4%          3
 Summon Ice Beast         Ice/Summ       16%          14%         4


Dungeon Overview and Level Annotations

Branches:
Dungeon (9/15)             Temple (1/1) D:6           Sewer (visited)
   Lair: D:8-11         Orc: D:9-12

Altars:
Cheibriados
Dithmenos
Elyvilon
Fedhas
Gozag
Kikubaaqudgha
Makhleb
Nemelex Xobeh
Okawaru
Qazlal
Sif Muna
Trog
Uskayaw
Vehumet
Wu Jian
Xom
Yredelemnul
Zin
The Shining One

Annotations:
D:7 3 runed translucent doors, exclusion: 3 doors, dtburroughs's ghost, novice MiBe


Innate Abilities, Weirdness & Mutations

You cannot wear boots.
Your serpentine skin is tough. (AC +3)
You have supernaturally acute eyesight. (SInv)
Armour fits poorly on your strangely shaped body.
Your system is resistant to poisons. (rPois)
You cover ground very slowly.
You can spit poison.


Message History

There is a stone staircase leading down, spattered with blood here.
Casting: Olgreb's Toxic Radiance
Press: ? - help, Q - select action, (/) - cycle Dir - look around, f - activate You begin to radiate toxic energy.
The yak looks as sick as possible!
The yak looks even sicker.
The yak gores you!
* * * LOW HITPOINT WARNING * * *
The yak gores you!
* * * LOW HITPOINT WARNING * * *
The yak looks as sick as possible!
Your toxic aura wanes.
The yak gores you.
* * * LOW HITPOINT WARNING * * *
The yak gores you.
* * * LOW HITPOINT WARNING * * *
The yak gores you!
* * * LOW HITPOINT WARNING * * *
The yak gores you but does no damage. The yak gores you!
You die...
Your body crumbles into a pile of gold.

≈≈.≈≈##....# #......##.#
##.#..#. #≈.≈##.....#
#......##.# #.#..#.
##'##..###.# #.......#.#
#.##.#. #....##
#(###.......#'####.##.#.
######
#.#..............#....#.
#.#..##...#....#.######.
#.#.#.#...#....#.....##.
#.#.##....'..<.#####.##.
#.#.###@#.#....## #.##.
#.#.# #^Y.'..>..# #.##.
#.#.# ###.#.....# #.##.
#.#.# ##......# #.##.
#.#.# ##.....# #.##.
#.#.### #.....# #.##.
#.#...# #.....# #.##.
#.###.# #.....# #.##.
#.....# ###.#.####.##.


You could see a yak (poisoned).

Vanquished Creatures
  Erica (D:8)
  Pikel (D:7)
  An ugly thing (D:7)
  Maggie (D:6)
  2 wyverns
  A yak (D:8)
  2 basilisks (D:9)
  Menkaure (D:7)
  4 water moccasins
  A sky beast (D:8)
  An ice beast (D:6)
  A black bear (D:7)
  4 ogres
  A phantom (D:7)
  2 centaurs (D:8)
  4 lemures (D:7)
  A big kobold (D:7)
  A gnoll sergeant (D:8)
  3 bullfrogs
  2 scorpions
  3 electric eels
  2 howler monkeys (D:8)
  6 wights
  A jelly (D:5)
  2 hounds (D:8)
  5 orc priests
  An orc wizard (D:8)
  A gnoll shaman (D:4)
  An iguana (D:5)
  Terence (D:2)
  3 worker ants
  A hound zombie (D:7)
  A hound skeleton (D:4)
  Robin (D:3)
  9 gnolls
  9 adders
  A river rat (D:3)
  A white imp (D:8)
  4 ufetubi
  7 oozes
  4 adder skeletons
  5 worms
  3 dart slugs
  10 leopard geckos
  21 orcs
  11 bats
  8 giant cockroaches
  12 goblins
  8 hobgoblins
  13 jackals
  3 quokkas
  5 ball pythons
  6 frilled lizards
  9 kobolds
  A leopard gecko skeleton (D:6)
  A leopard gecko zombie (D:5)
  4 rats
219 creatures vanquished.

Vanquished Creatures (collateral kills)
  A wight (D:9)
  A worker ant (D:9)
2 creatures vanquished.

Vanquished Creatures (others)
  A fungus (D:9)
  10 plants (D:9)
11 creatures vanquished.

Grand Total: 232 creatures vanquished

Notes
Turn   | Place    | Note
-------+----------+-------------------------------------------
     0 | D:1      | oldmanjim the Naga Venom Mage began the quest for the Orb.
     0 | D:1      | Reached XP level 1. HP: 15/15 MP: 3/3
   374 | D:1      | Reached XP level 2. HP: 22/22 MP: 5/5
   891 | D:1      | Reached skill level 5 in Poison Magic
   917 | D:1      | Learned a level 2 spell: Poisonous Vapours
  1343 | D:2      | Reached XP level 3. HP: 28/28 MP: 3/6
  1450 | D:2      | Noticed Terence
  1471 | D:2      | Killed Terence
  1472 | D:2      | Reached skill level 1 in Fighting
  1999 | D:2      | Reached XP level 4. HP: 38/38 MP: 4/7
  2388 | D:2      | Learned a level 4 spell: Olgreb's Toxic Radiance
  2430 | D:3      | Noticed Robin
  2436 | D:3      | Killed Robin
  2524 | D:3      | Reached XP level 5. HP: 24/45 MP: 8/8
  2539 | D:3      | Found a glowing drain.
  2594 | Sewer    | Entered a sewer
  3792 | D:3      | Upgraded the game from 0.26.1-11-gd32895ea62 to
                  | 0.26.1-12-g5ba1501909
  4562 | D:4      | Found the +9 staff of Olgreb {rPois∞}
  4582 | D:3      | Reached XP level 6. HP: 29/55 MP: 10/10
  4798 | D:4      | Found a stormy altar of Qazlal.
  4897 | D:4      | Found a white marble altar of Elyvilon.
  4898 | D:4      | Found an ancient bone altar of Kikubaaqudgha.
  4898 | D:4      | Found an iron altar of Okawaru.
  4899 | D:4      | Found a sparkling altar of Nemelex Xobeh.
  4972 | D:4      | Found a glowing silver altar of Zin.
  4972 | D:4      | Found a bloodstained altar of Trog.
  5103 | D:4      | Reached skill level 1 in Staves
  5632 | D:5      | Entered Level 5 of the Dungeon
  5648 | D:5      | Reached XP level 7. HP: 62/62 MP: 11/11
  5906 | D:5      | Reached skill level 1 in Evocations
  6398 | D:5      | Found the +8 trident of the Octopus King {venom, rElec
                  | rPois Will+}
  6730 | D:6      | Learned a level 2 spell: Call Imp
  6851 | D:6      | Found a staircase to the Ecumenical Temple.
  6882 | D:6      | Reached skill level 1 in Summonings
  6882 | D:6      | Reached XP level 8. HP: 56/69 MP: 14/14
  6972 | Temple   | Entered the Ecumenical Temple
  7031 | Temple   | Became a worshipper of Gozag Ym Sagoz the Greedy
  7304 | D:6      | Noticed Maggie
  7317 | D:6      | Killed Maggie
  7318 | D:6      | Reached skill level 3 in Polearms
  7987 | D:6      | Found a blossoming altar of Fedhas.
  8185 | D:7      | Reached skill level 4 in Polearms
  8245 | D:7      | Noticed a green ugly thing
  8263 | D:7      | Killed a green ugly thing
  8264 | D:7      | Reached skill level 5 in Fighting
  8264 | D:7      | Reached XP level 9. HP: 23/81 MP: 15/15
  8564 | D:7      | Learned a level 4 spell: Summon Lightning Spire
  8630 | D:7      | Reached skill level 5 in Polearms
  9081 | D:7      | Noticed Pikel
  9102 | D:7      | Killed Pikel
  9103 | D:7      | Reached skill level 6 in Polearms
  9103 | D:7      | Reached skill level 1 in Air Magic
  9284 | D:7      | Noticed Menkaure
  9297 | D:7      | Killed Menkaure
  9627 | D:7      | Found a runed translucent gate.
  9627 | D:7      | Found a runed translucent gate.
  9628 | D:7      | Found a runed translucent gate.
  9630 | D:7      | Noticed dtburroughs's ghost (novice MiBe)
 10111 | D:8      | Got a pair of steaming gloves
 10117 | D:8      | Identified the cursed +0 pair of gloves of Responsibility
                  | {Will+ Regen+} (You found it on level 8 of the Dungeon)
 10191 | D:8      | Found a basalt altar of Yredelemnul.
 10289 | D:8      | Reached skill level 5 in Summonings
 10427 | D:8      | Reached XP level 10. HP: 83/88 MP: 16/16
 10910 | D:8      | Noticed Erica
 10924 | D:8      | Killed Erica
 10925 | D:8      | Reached skill level 5 in Evocations
 11192 | D:8      | Found a shadowy altar of Dithmenos.
 11324 | D:9      | Reached skill level 5 in Spellcasting
 11328 | D:9      | Reached skill level 5 in Stealth
 11399 | D:9      | Reached skill level 7 in Polearms
 11444 | D:8      | Reached skill level 8 in Polearms
 11581 | D:8      | HP: 2/91 [yak (8)]
 11584 | D:8      | Mangled by a yak

Illustrated notes

Levels and vault maps discovered:
D:1:      giann_bridges, layout_basic
D:2:      layout_loops_ring, uniq_terence
D:3:      layout_loops_ring, portal_sewer_entry_b, uniq_robin
D:4:      layout_basic, nicolae_overflow_crystal_walls,
          chequers_temple_overflow_statue_of_worship,
          grunt_temple_overflow_open, hangedman_decor_push
D:5:      layout_gridville
D:6:      layout_loops_cross, kennysheep_little_box,
          minmay_temple_entry_glassed_door, uniq_maggie
D:7:      layout_basic, gammafunk_ghost_necromancy, fountainhead, uniq_pikel,
          uniq_menkaure
D:8:      layout_basic, nicolae_dithmenos_through_a_glass_darkly,
          kennysheep_diamond, serial_park_tiny_pond, yredelemnul_altar_generic,
          uniq_erica
D:9:      layout_basic, marbit_many_paths, general_overflow_altar,
          evilmike_ruin_ashenzari, minmay_lair_entry_grove,
          nemelex_dance_club_becter, uniq_prince_ribbit1, uniq_erolcha
Temple:   zaba_magenta_temple

Skill      XL: |  1  2  3  4  5  6  7  8  9 10 |
---------------+-------------------------------+-----
Poison Magic   | 5 6 7 |  7.0
Fighting       | 1 2 3 5 6 |  6.0
Stealth        | 4 5 |  5.0
Spellcasting   | 3 4 5 |  5.0
Staves         | 3 |  3.0
Evocations     | 3 4 5 |  5.0
Summonings     | 1 2 6 |  6.2
Polearms       | 4 6 8 |  8.0
Air Magic      | 3 |  3.0
Dodging        | |  1.5
Transmutations | |  1.1

Action                   |  1- 3 |  4- 6 |  7- 9 | 10-12 || total
-------------------------+-------+-------+-------+-------++-------
Melee: Unarmed           |     8 |       |       |       ||     8
       Dagger            |    11 |    35 |       |       ||    46
       Staff             |       |    18 |    45 |     3 ||    66
       Trident           |       |       |    88 |    60 ||   148
 Cast: Sting             |    23 |    24 |     3 |       ||    50
       Poisonous Vapours |    11 |    40 |    55 |    24 ||   130
       Olgreb's Toxic Ra |       |    19 |     2 |       ||    21
       Call Imp          |       |       |    12 |     1 ||    13
       Summon Lightning  |       |       |       |     5 ||     5
 Abil: Spit Poison       |     9 |     2 |       |       ||    11
Evoke: Staff of Olgreb   |       |       |    15 |    12 ||    27
  Use: Scroll            |       |     7 |     9 |     2 ||    18
       Potion            |       |     2 |       |       ||     2
 Stab: Distracted        |       |       |     1 |     1 ||     2
       Sleeping          |       |       |     1 |       ||     1
Armor: Robe              |    11 |    34 |    30 |    59 ||   134
Dodge: Dodged            |    25 |    59 |    60 |    37 ||   181
